AoeStats
← Joseka

Black Forest

507967361Analyzed
4v4 RM · 12d ago on Sep 20, 2026· 46m 8s· 8 players
Game mode
Random Map
Map size
Large (8 player)
Population
200
Speed
Normal
Resources
Standard
Victory
Conquest
Starting age
Dark Age
Ending age
Imperial Age
RankedLock teamsTeams togetherTeam positionsShared explorationLock speedFull tech treeHidden civsTurbo modeCheats
Victory
Defeat
🇵🇱 Britons · Poland
913
+15
🇧🇷 Spanish · Brazil
895
+16
🇬🇧 Persians · United Kingdom
885
+16
🇬🇧 Hindustanis · United Kingdom
858
+17
🇮🇳 Huns · India
932
-17
🇹🇼 Italians · Taiwan
888
-16
🇯🇵 Gurjaras · Japan
875
-16
🇩🇪 Teutons · Germany
866
-15
ii BLACK xEAGLE
0:28 Loom
14:42 Feudal Age
18:11 Double-Bit Axe
19:16 Horse Collar
20:23 Gold Mining
24:37 Castle Age
23:44 Wheelbarrow
24:35 Stone Mining
24:57 Town Watch
25:48 Wheelbarrow
25:20 Heavy Plow
25:35 Bow Saw
26:10 Husbandry
26:21 Bloodlines
26:33 Scale Barding Armor
27:31 Forging
32:12 Gold Shaft Mining
34:29 Iron Casting
39:40 Imperial Age
37:28 Hand Cart
39:52 Heavy Camel Rider
41:55 Imperial Camel Rider
45:13 Blast Furnace
44:34 Chain Barding Armor
45:37 Grand Trunk Road
Fp OZIL 11
5:13 Loom
9:29 Loom
11:42 Feudal Age
15:40 Double-Bit Axe
18:00 Castle Age
16:51 Horse Collar
19:02 Heavy Plow
19:46 Wheelbarrow
22:19 Hand Cart
24:01 Bow Saw
27:34 Gold Mining
27:37 Stone Mining
28:03 Caravan
30:04 Forging
31:21 Stone Shaft Mining
34:28 Imperial Age
32:20 Scale Mail Armor
32:27 Scale Barding Armor
35:19 Gold Shaft Mining
35:31 Conscription
34:50 Elite War Elephant
37:50 Iron Casting
37:22 Husbandry
37:32 Bloodlines
39:37 Blast Furnace
38:58 Chain Barding Armor
42:44 Ballistics
46:31 Plate Barding Armor
Joseka
13:49 Feudal Age
15:38 Wheelbarrow
14:49 Horse Collar
14:56 Double-Bit Axe
19:34 Castle Age
20:45 Hand Cart
20:33 Heavy Plow
23:58 Bow Saw
26:17 Stone Mining
28:16 Pikeman
31:26 Caravan
31:44 Forging
36:12 Imperial Age
35:46 Iron Casting
35:11 Gold Mining
35:50 Squires
35:36 Arson
35:13 Elite Skirmisher
36:35 Halberdier
39:26 Blast Furnace
39:30 Chemistry
40:36 Ballistics
41:18 Scale Mail Armor
szymi1990rbk
2:18 Loom
10:46 Feudal Age
12:13 Wheelbarrow
11:29 Double-Bit Axe
12:38 Horse Collar
21:11 Castle Age
19:29 Town Watch
20:32 Stone Mining
20:33 Gold Mining
20:41 Gold Mining
22:08 Hand Cart
23:03 Gold Shaft Mining
24:34 Town Patrol
28:57 Bow Saw
29:42 Heavy Plow
33:55 Imperial Age
31:30 Fletching
31:40 Padded Archer Armor
31:48 Padded Archer Armor
33:08 Leather Archer Armor
34:34 Yeomen
34:44 Warwolf
34:50 Warwolf
36:12 Bodkin Arrow
36:47 Ring Archer Armor
36:59 Elite Longbowman
39:10 Bracer
41:01 Chemistry
41:10 Elite Longbowman
42:47 Onager
teban0721
1:29 Loom
12:14 Feudal Age
13:02 Feudal Age
15:15 Wheelbarrow
17:07 Castle Age
16:08 Horse Collar
16:14 Double-Bit Axe
18:52 Bow Saw
19:29 Heavy Plow
22:04 Hand Cart
23:45 Stone Mining
24:24 Gold Mining
27:32 Gold Shaft Mining
28:46 Town Watch
33:44 Imperial Age
31:33 Fletching
31:54 Forging
31:50 Scale Barding Armor
31:52 Scale Mail Armor
31:51 Treadmill Crane
32:16 Town Patrol
32:22 Caravan
32:35 Husbandry
33:21 Bloodlines
34:19 Iron Casting
34:04 Kshatriyas
34:33 Chain Barding Armor
35:34 Chemistry
35:29 Thumb Ring
34:45 Elite Skirmisher
34:54 Heavy Camel Rider
36:14 Plate Barding Armor
Destiny
9:56 Loom
11:58 Feudal Age
18:02 Castle Age
17:16 Double-Bit Axe
17:15 Horse Collar
19:58 Caravan
22:17 Redemption
27:02 Gold Mining
27:25 Bow Saw
27:20 Heavy Plow
32:42 Imperial Age
30:51 Wheelbarrow
30:05 Town Watch
30:55 Stone Mining
33:00 Forging
32:55 Scale Barding Armor
33:21 Hand Cart
33:20 Bloodlines
34:23 Stone Shaft Mining
34:23 Crop Rotation
34:57 Two-Man Saw
34:51 Iron Casting
33:40 Cavalier
34:39 Squires
34:25 Arson
Lezionare
2:49 Loom
11:59 Feudal Age
17:28 Castle Age
15:40 Horse Collar
15:55 Double-Bit Axe
16:57 Gold Mining
21:18 Wheelbarrow
24:14 Hand Cart
29:12 Imperial Age
26:45 Squires
26:09 Pikeman
28:28 Bow Saw
28:22 Heavy Plow
28:32 Squires
29:23 Gold Shaft Mining
29:27 Scale Mail Armor
29:39 Capped Ram
32:52 Siege Ram
35:09 Chain Mail Armor
35:04 Forging
34:22 Halberdier
38:23 Iron Casting
46:32 Fletching
台灣大表哥
0:42 Loom
11:07 Feudal Age
11:45 Double-Bit Axe
11:43 Horse Collar
20:53 Castle Age
20:19 Bloodlines
20:35 Forging
20:32 Gold Mining
20:35 Stone Mining
21:13 Fletching
21:29 Scale Barding Armor
22:30 Bodkin Arrow
22:09 Light Cavalry
24:40 Bow Saw
25:27 Heavy Plow
26:57 Town Watch
28:21 Stone Shaft Mining
28:53 Wheelbarrow
29:28 Ballistics
29:04 Murder Holes
33:31 Imperial Age
31:45 Silk Road
32:12 Hand Cart
32:20 Padded Archer Armor
32:39 Husbandry
35:25 Chemistry
34:47 Masonry
35:05 Conscription
34:59 Cavalier
37:49 Hussar
38:48 Elite Genoese Crossbowman
41:15 Hoardings
40:43 Pikeman
41:24 Squires
42:51 Town Patrol
44:47 Two-Man Saw
Connection lost

Rejoining the realm…

Still unreachable

The connection could not be restored.

Session expired

The server has moved on; the page needs a fresh start.